 Dungeon Crawl Stone Soup version 0.22-a0-406-g9ff8d77 (webtiles) character file.

42 Mgcat the Skirmisher (level 3, -7/31 HPs)
             Began as a Barachi Berserker on May 8, 2018.
             Was a Follower of Trog.
             Mangled by Sigmund
             ... wielding a +0 scythe
              (12 damage)
             ... on level 2 of the Dungeon.
             The game lasted 00:03:23 (1129 turns).

Mgcat the Skirmisher (Barachi Berserker)            Turns: 1129, Time: 00:03:24

Health: -7/31      AC:  9    Str: 19    XL:     3   Next: 56%
Magic:  3/3        EV:  9    Int:  7    God:    Trog [*.....]
Gold:   109        SH:  7    Dex: 11    Spells: 2/2 levels left

rFire    . . .     SeeInvis .   a - +0 mace
rCold    + . .     Gourm    .   j - +0 shield
rNeg     . . .     Faith    .   e - +2 leather armour {rC+}
rPois    .         Spirit   .   g - +0 helmet
rElec    .         Reflect  .   (no cloak)
rCorr    .         Harm     .   (no gloves)
MR       .....                  (no boots)
Stlth    +.........             (no amulet)
HPRegen  0.10/turn              k - +3 ring of protection
MPRegen  0.08/turn              (no ring)

@: berserk cooldown, very slightly contaminated, slowed, very slow
A: +LOS, swims, slowness 1, strong legs 1
a: Hop, Berserk, Renounce Religion


You were on level 2 of the Dungeon.
You worshipped Trog.
Trog was aware of your devotion.
You were very hungry.

You visited 1 branch of the dungeon, and saw 2 of its levels.

You collected 109 gold pieces.

Inventory:

Hand Weapons
 a - a +0 mace (weapon)
Armour
 e - a +2 leather armour of cold resistance (worn)
   (You found it on level 1 of the Dungeon)
 g - a +0 helmet (worn)
   (You found it on level 1 of the Dungeon)
 j - a +0 shield (worn)
   (You found it on level 2 of the Dungeon)
Jewellery
 k - a +3 ring of protection (left hand)
   (You found it on level 2 of the Dungeon)
Scrolls
 b - 3 scrolls of remove curse {unknown}
 f - a scroll of teleportation {unknown}
 i - 3 scrolls of identify {unknown}
 l - a scroll of random uselessness {unknown}
Potions
 d - a potion of agility {unknown}
Comestibles
 c - 9 rations
 h - a chunk of flesh {@w0}


   Skills:
 + Level 4.5 Fighting
 + Level 4.1 Maces & Flails
 - Level 2.4 Armour
 - Level 2.1 Dodging
 + Level 0.4 Shields


You had 2 spell levels left.
You didn't know any spells.

Dungeon Overview and Level Annotations

Branches:
Dungeon (2/15)

Altars:

Annotations:
D:2 Jessica, Sigmund


Innate Abilities, Weirdness & Mutations

Shadows flee at your approach. (+LOS)
You can swim through water.
You cover ground slowly.
You can hop short distances.


Message History

You are too injured to fight recklessly!
You are too injured to fight recklessly!
You are too injured to fight recklessly!
You are too injured to fight recklessly!
Your shield prevents you from hitting the worm.
The worm is moderately wounded.
You hit the worm.
The worm is moderately wounded.
The worm barely misses you.
You sock the worm!
The worm is almost dead.
The worm barely misses you.
You hit the worm.
The worm is almost dead.
You block the worm's attack.
You hit the worm.
You kill the worm!
Trog accepts your kill.
HP restored.
k - a jade ring Put on which piece of jewellery? (? for menu, Esc to quit)
k - a +3 ring of protection (left hand)
l - a scroll labeled WAZIRU PAIKH
c - 9 rations (gained 1)
m - an orange potion A giant cockroach comes into view.
The giant cockroach waves its antennae.
A giant cockroach is nearby!
A leopard gecko comes into view.
Sigmund shouts!
Sigmund casts a spell.
Sigmund flickers and vanishes!
Deactivating autopickup; reactivate with Ctrl-A.
You are confused.
You hear a shout!
You are too confused!
You are too confused!
Unknown command.
Unknown command.
Unknown command.
You bump into the rock wall.
It was a potion of invisibility.
You fade into invisibility!
The giant cockroach closely misses you.
You are very lightly contaminated with residual magic.
Okay, then.
You're too confused to move!
The giant cockroach barely misses you. The giant cockroach closely misses you.
The ooze quivers.
Something hits you. Something hits you! The giant cockroach barely misses you.
You feel less confused. Something hits you. The giant cockroach bites you.
A red film seems to cover your vision as you go berserk!
You feel yourself moving faster!
You feel mighty!
You are feeling very hungry.
The ooze completely misses you.
The giant cockroach bites you but does no damage.
You feel a strong urge to attack something.
The ooze closely misses you.
You hit the giant cockroach.
The giant cockroach is almost dead.
The giant cockroach closely misses you. The ooze closely misses you.
You closely miss the giant cockroach.
The giant cockroach is almost dead.
You block the giant cockroach's attack. The ooze closely misses you.
You completely miss the giant cockroach.
The giant cockroach is almost dead.
The giant cockroach bites you but does no damage.
The ooze hits you but does no damage.
You sock the giant cockroach!
You kill the giant cockroach!
Trog accepts your kill. The ooze barely misses you.
The leopard gecko barely misses you.
You sock the ooze!
The ooze is almost dead.
You hit the ooze.
You kill the ooze!
Trog accepts your kill. The leopard gecko barely misses you.
You sock the leopard gecko!
You kill the leopard gecko!
Trog accepts your kill.
You feel a strong urge to attack something.
You flicker for a moment.
You are no longer berserk.
You are exhausted.
You feel yourself slow down.
You barely miss something. Something hits you but does no damage.
You hit something but do no damage. Something hits you but does no damage.
Something hits you.
* * * LOW HITPOINT WARNING * * *
You hit something.
You flicker back into view.
You hear some strange, mumbled words.
Something tries to affect you, but you resist.
You hit something but do no damage. Something hits you.
* * * LOW HITPOINT WARNING * * *
Something hits you!
You die...

......#.##.................#
...................##......#
......#..#..............#
......##..###..#.##.#..##
......##..###..........#
.......................#
..........#..........?.#.#
..............###........#
#####...#....##.@........# #
##......#.##{#........#
###......................#
............#...#.....###
#............>.##.......#
..........#..#. .......#
............... ........#
<.# ####. ##....## J........
.. ...##


There were no monsters in sight!

Vanquished Creatures
  An adder (D:2)
  An ooze (D:2)
  A worm (D:2)
  2 dart slugs
  2 leopard geckos
  4 giant cockroaches
  2 goblins (D:1)
  A hobgoblin (D:1)
  3 bats (D:1)
  A frilled lizard (D:2)
  3 rats
21 creatures vanquished.

Notes
Turn   | Place    | Note
-------+----------+-------------------------------------------
     0 | D:1      | Mgcat the Barachi Berserker began the quest for the Orb.
     0 | D:1      | Reached XP level 1. HP: 18/18 MP: 1/1
   138 | D:1      | HP: 3/18 [goblin (3)]
   340 | D:1      | Reached XP level 2. HP: 22/25 MP: 2/2
   344 | D:1      | Reached skill level 4 in Fighting
   852 | D:2      | Noticed Sigmund
   943 | D:2      | Noticed Jessica
   955 | D:2      | Reached skill level 4 in Maces & Flails
   955 | D:2      | Reached XP level 3. HP: 31/31 MP: 3/3
  1129 | D:2      | HP: 5/31 [something (5)]
  1129 | D:2      | Mangled by Sigmund

Vault maps used:
D:1:      minmay_arrival_four_houses, hangedman_abyss_or_decor_stabs,
          minivault_11, kennysheep_pointless_box
D:2:      old_standard_altar, overflow_temple_1_default, first_ration,
          uniq_natasha, uniq_jessica, uniq_sigmund

Skill      XL: |  1  2 |
---------------+-------+-----
Fighting       | 4 |  4.5
Maces & Flails | 4 |  4.1
Armour         | |  2.4
Dodging        | |  2.1
Shields        | |  0.4

Action                   || total
-------------------------++-------
Melee: Mace              ||    75
Invok: Berserk           ||     3
  Use: Potion            ||     1
  Eat: Chunk             ||     3
Armor: Leather armour    ||    23
Dodge: Dodged            ||    52
Block: Shield            ||     6

Table legend:
 A = Spawn XP
 B = Non-spawn XP
 C = Spawn XP percentage of total XP
 D = Spawn monster count
 E = Non-spawn monster count
 F = Spawn count percentage of total count
 G = Total turns spent on level
                    A         B        C        D         E        F      G
               +---------+---------+-------+---------+---------+-------+---------
         Total |       0 |      61 |   0.0 |       0 |      21 |   0.0 |  1129
               +---------+---------+-------+---------+---------+-------+---------
           D:1 |       0 |      25 |   0.0 |       0 |      13 |   0.0 |   884
           D:2 |       0 |      36 |   0.0 |       0 |       8 |   0.0 |   245
               +---------+---------+-------+---------+---------+-------+---------

Vault maps used:
D:1:      minmay_arrival_four_houses, hangedman_abyss_or_decor_stabs,
          minivault_11, kennysheep_pointless_box
D:2:      old_standard_altar, overflow_temple_1_default, first_ration,
          uniq_natasha, uniq_jessica, uniq_sigmund

Table legend:
 A = Turns spent in this place as a percentage of turns spent in the entire game.
 B = Non-inter-level travel turns spent in this place as a percentage of non-inter-level travel turns spent in the entire game.
 C = Inter-level travel turns spent in this place as a percentage of turns spent in this place.
 D = Turns resting spent in this place as a percentage of non-inter-level travel turns spent in this place.
 E = Turns spent auto-exploring this place as a percentage of non-inter-level travel turns spent in this place.
 F = Non-inter-level travel turns spent in this place divided by the number of levels of this place that you've seen.
                   A       B       C       D       E      F
               +-------+-------+-------+-------+-------+----------------------
         Total | 100.0 | 100.0 |   4.4 |   3.2 |  74.9 | 539.5
       Dungeon | 100.0 | 100.0 |   4.4 |   3.2 |  74.9 | 539.5
               +-------+-------+-------+-------+-------+----------------------

Table legend:
 A = Kills in this place as a percentage of kills in entire the game.
 B = Kills by you in this place as a percentage of kills by you in the entire game.
 C = Kills by friends in this place as a percentage of kills by friends in the entire game.
 D = Other kills in this place as a percentage of other kills in the entire game.
 E = Experience gained in this place as a percentage of experience gained in the entire game.
 F = Experience gained in this place divided by the number of levels of this place that you have seen.
                   A       B       C       D       E      F
               +-------+-------+-------+-------+-------+----------------------
         Total | 100.0 | 100.0 |   N/A |   N/A | 100.0 |  30.5
       Dungeon | 100.0 | 100.0 |   N/A |   N/A | 100.0 |  30.5
               +-------+-------+-------+-------+-------+----------------------
